 Dungeon Crawl Stone Soup version 0.17-a0-1880-gacf7e67 (webtiles) character file.

2562 barthelm the Skirmisher (level 9, -7/59 HPs)
             Began as a Gargoyle Berserker on Sept 21, 2015.
             Was an Elder of Trog.
             Mangled by a yak (9 damage)
             ... on level 7 of the Dungeon.
             The game lasted 00:29:07 (6128 turns).

barthelm the Skirmisher (Gargoyle Berserker)        Turns: 6128, Time: 00:29:07

Health: -7/59      AC: 23    Str: 24    XL:     9   Next: 56%
Magic:  9/9        EV:  9    Int:  8    God:    Trog [****..]
Gold:   423        SH:  0    Dex: 13    Spells: 0 memorised, 8 levels left

rFire  + + .     SeeInvis .     E - +2 mace of the Unkillable {pain, rF++ Dex+2}
rCold  . . .     Clarity  .     I - +0 plate armour
rNeg   + . .     SustAt   .     (no shield)
rPois  ∞         Gourm    .     a - +1 helmet "Urucloox" {rPois}
rElec  +         Spirit   .     l - +0 cloak
rCorr  .         Warding  .     y - +0 pair of gloves
rMut   .         Stasis   .     (no boots)
MR     .....                    (no amulet)
Stlth  ..........               (no ring)
                                h - +2 ring of dexterity

@: exhausted, slowed, very slow, not resistant to hostile enchantments,
extremely unstealthy
A: negative energy resistance 1, electricity resistance, unbreathing,
petrification resistance, rot immunity, AC +5
a: Burn Spellbooks, Berserk, Trog's Hand, Brothers in Arms, Renounce Religion


You were on level 7 of the Dungeon.
You worshipped Trog.
Trog was greatly pleased with you.
You were very hungry.

You visited 1 branch of the dungeon, and saw 7 of its levels.
You also visited: Sewer.

You collected 423 gold pieces.

Inventory:

Hand weapons
 E - the +2 mace of the Unkillable (weapon) {pain, rF++ Dex+2}
   (You found it on level 5 of the Dungeon)

   In the hands of one skilled in necromantic magic, it inflicts extra damage on
   living creatures.
   It affects your dexterity (+2).
   It greatly protects you from fire.
Missiles
 J - 6 tomahawks (quivered)
Armour
 a - the +1 helmet "Urucloox" (worn) {rPois}
   (You found it on level 5 of the Dungeon)

   It protects you from poison.
 b - a +0 animal skin
 l - a +0 cloak (worn)
 y - a +0 pair of gloves (worn)
 I - a +0 plate armour (worn)
Jewellery
 h - a +2 ring of dexterity (left hand)
Magical devices
 u - a wand of frost (29)
 F - a wand of confusion (10)
Scrolls
 e - 3 scrolls of identify
 i - 4 scrolls of teleportation
 m - a scroll of fog {unknown}
 n - 2 scrolls of magic mapping
 t - 2 scrolls of immolation {unknown}
 v - a scroll of remove curse
 C - a scroll of blinking {unknown}
 D - a scroll of holy word {unknown}
 G - a scroll of torment {unknown}
 H - a scroll of fear {unknown}
Potions
 d - a potion of ambrosia {unknown}
 f - 2 potions of mutation {unknown}
 k - 2 potions of brilliance
 o - 2 potions of haste {unknown}
 p - 3 potions of lignification {unknown}
 q - a potion of resistance {unknown}
 s - 2 potions of invisibility {unknown}
 w - a potion of agility {unknown}
 x - a potion of berserk rage {unknown}
 z - a potion of heal wounds {unknown}
 A - 5 potions of curing {unknown}
 B - 3 potions of flight
Comestibles
 c - 6 bread rations
 g - 18 fruits
 j - 2 slices of pizza
 r - 3 meat rations
 L - a beef jerky


   Skills:
 + Level 7.8 Fighting
 + Level 7.8 Maces & Flails
 + Level 7.2 Armour
 + Level 4.6 Dodging


You had 8 spell levels left.
You didn't know any spells.

Dungeon Overview and Level Annotations

Branches:
Dungeon (7/15)             Temple (0/1) D:5

Altars:
Ashenzari
Dithmenos
Elyvilon
Makhleb
Qazlal
Trog
Vehumet
Xom
The Shining One


Innate Abilities, Weirdness & Mutations

You are resistant to torment.
Your stone body is resilient (AC +5).
You are immune to poison.
You resist negative energy.
You are resistant to electric shocks.
You can survive without breathing.
You are immune to petrification.
You are immune to rotting.


Message History

The yak is moderately wounded.
The yak gores you.
* * * LOW HITPOINT WARNING * * *
You thump the yak!
The yak is heavily wounded.
You are no longer berserk.
You are exhausted.
You feel yourself slow down.
You are feeling very hungry.
You hit the yak but do no damage.
The yak is heavily wounded.
The yak gores you but does no damage. The yak gores you!
* * * LOW HITPOINT WARNING * * *
You hit the yak.
The yak is heavily wounded.
The yak closely misses you.
You hit the yak.
The yak is heavily wounded.
The yak gores you but does no damage. The yak gores you!
You die...

..# ###.# #Y# # ########## #...#
#Y# # #.. .....# #.### #.# #
#.####...### #.# #.#####
#.##.......####<# #..YYY.
.#.#.........##.#################
###........#.##.##.........#
.#.#.#..(#.#.##.##.....###Y# ###
#.#.##..........@YY....###.## #..
........##.#######.....##...###..
#####.###.## #.....##.)YY....
##.#.## ########...##### ##.##
##### ###


You could see 2 yaks.

Vanquished Creatures
  The ghost of Nico3ck the Poker, an average NaFi (D:5)
  Grinder (D:5)
  The ghost of barthelm the Ruffian, an average GrBe of Trog (D:4)
  2 yaks (D:7)
  An ice beast (D:6)
  2 orc warriors
  4 ogres
  A big kobold (Sewer)
  A centaur (D:6)
  2 giant frogs
  A giant frog zombie (D:5)
  A centaur skeleton (D:6)
  A hound (D:5)
  2 orc wizards (D:5)
  2 jellies
  Crazy Yiuf (D:5)
  Ijyb (D:3)
  An orc priest (D:6)
  A giant frog skeleton (D:4)
  3 iguanas
  7 worker ants
  A killer bee zombie (D:6)
  7 adders
  3 river rats
  An ooze (D:2)
  An adder skeleton (D:4)
  2 worms
  20 orcs
  A ball python (D:3)
  A bat (D:3)
  8 giant cockroaches
  8 hobgoblins
  6 kobolds
  5 quokkas
  5 giant geckos
  A giant gecko zombie (D:6)
  6 giant newts
  4 goblins
  4 jackals
  A jackal skeleton (D:3)
  2 quokka skeletons (D:7)
  14 rats
  A plant (D:1)
139 creatures vanquished.

Vanquished Creatures (others)
  2 orc wizards (D:5)
  A worker ant (D:5)
  An orc (D:5)
4 creatures vanquished.

Grand Total: 143 creatures vanquished

Notes
Turn   | Place    | Note
--------------------------------------------------------------
     0 | D:1      | barthelm the Gargoyle Berserker began the quest for the Orb.
     0 | D:1      | Reached XP level 1. HP: 14/14 MP: 1/1
   350 | D:1      | Reached XP level 2. HP: 14/19 MP: 2/2
   661 | D:2      | Reached XP level 3. HP: 6/24 MP: 3/3
   841 | D:2      | Found a white marble altar of Elyvilon.
  1245 | D:2      | Reached skill level 4 in Fighting
  1425 | D:2      | You fall through a shaft!
  1514 | D:3      | Acquired Trog's second power
  1570 | D:3      | Reached XP level 4. HP: 29/29 MP: 4/4
  1589 | D:3      | Found a burning altar of Makhleb.
  2115 | D:3      | Found a stormy altar of Qazlal.
  2116 | D:3      | Found a shadowy altar of Dithmenos.
  2162 | D:3      | Noticed Ijyb
  2179 | D:3      | Killed Ijyb
  2179 | D:3      | Reached XP level 5. HP: 31/33 MP: 5/5
  2668 | D:4      | Noticed an ogre
  2675 | D:4      | HP: 1/33 [ogre/giant club (6)]
  2677 | D:4      | Killed an ogre
  2708 | D:4      | Found a bloodstained altar of Trog.
  2967 | D:4      | Noticed barthelm's ghost (average GrBe)
  2977 | D:4      | Killed barthelm's ghost
  2977 | D:4      | Reached skill level 5 in Fighting
  2977 | D:4      | Reached XP level 6. HP: 40/40 MP: 6/6
  3075 | D:4      | Noticed an ogre
  3091 | D:4      | Killed an ogre
  3091 | D:4      | Reached skill level 5 in Maces & Flails
  3091 | D:4      | Reached XP level 7. HP: 17/44 MP: 7/7
  3247 | D:4      | Found a glowing drain.
  3281 | Sewer    | Entered a sewer
  3403 | Sewer    | Found a white marble altar of Elyvilon.
  3687 | D:5      | Entered Level 5 of the Dungeon
  3740 | D:5      | Found a staircase to the Ecumenical Temple.
  3826 | D:5      | Found a glowing golden altar of the Shining One.
  3832 | D:5      | Found a shimmering altar of Xom.
  3994 | D:5      | Noticed Nico3ck's ghost (average NaFi)
  4096 | D:5      | Killed Nico3ck's ghost
  4096 | D:5      | Reached skill level 6 in Fighting
  4096 | D:5      | Reached skill level 5 in Armour
  4096 | D:5      | Reached XP level 8. HP: 24/51 MP: 8/8
  4225 | D:5      | Noticed Grinder
  4259 | D:5      | Paralysed by Grinder for 3 turns
  4266 | D:5      | Killed Grinder
  4656 | D:5      | Noticed Crazy Yiuf
  4666 | D:5      | Killed Crazy Yiuf
  4676 | D:5      | Got an encrusted mace
  4821 | D:5      | Found a radiant altar of Vehumet.
  4821 | D:5      | Found a shattered altar of Ashenzari.
  4955 | D:5      | Identified the cursed +2 mace of the Unkillable {pain, rF++ Dex+2} (You found it on level 5 of the Dungeon)
  5073 | D:5      | Got a smoking helmet
  5074 | D:5      | Identified the +1 helmet "Urucloox" {rPois} (You found it on level 5 of the Dungeon)
  5202 | D:6      | Reached XP level 9. HP: 28/56 MP: 9/9
  5308 | D:6      | Reached skill level 7 in Fighting
  5431 | D:6      | Found a shadowy altar of Dithmenos.
  6123 | D:7      | Acquired Trog's third power
  6126 | D:7      | HP: 2/59 [yak (9)]
  6128 | D:7      | Mangled by a yak

Vault maps used:
D:1:      lightli_arrival_windingriver
D:2:      nicolae_overflow_crystal_walls
D:3:      old_standard_altar, gammafunk_temple_overflow_pools, first_bread,
          uniq_iyjb
D:4:      lemuel_doored_altar, portal_sewer_entry_b, grunt_ministairs_9
D:5:      xom_confusion_cloud, overflow_temple_1_default,
          gammafunk_temple_overflow_elements, minmay_temple_entry_grid,
          uniq_grinder, uniq_crazy_yiuf_cottage
D:6:      st_stairs_14, grunt_dithmenos_smoke_and_mirrors
D:7:      serial_shops, shop, uniq_pikel
Sewer:    sewer_kobolds

Action                   |  1- 3 |  4- 6 |  7- 9 || total
-------------------------+-------+-------+-------++-------
Melee: Mace              |   132 |   132 |   431 ||   695
Invok: Berserk           |       |     2 |     8 ||    10
  Use: Scroll            |       |       |    13 ||    13
  Eat: Chunk             |     2 |     5 |    15 ||    22
       Fruit             |       |     1 |     5 ||     6
